[Event "Titled Tuesday Blitz April 05 Early 2022"]
[White "Demin, Vladimir"]
[Black "Simonovic, Miroslav"]
[WhiteFideId "4167457"]
[BlackFideId "919152"]
[WhiteElo "2398"]
[BlackElo "2043"]
[Result "0-1"]
[Round "11"]
[TimeControl "180+1"]
[Date "2022.04.05"]
[WhiteClock "0:01:59"]
[BlackClock "0:01:17"]

1. e4 c5 2. Nf3 Nc6 3. c3 d5 4. exd5 Qxd5 5. d4 Bf5 6. Be2 cxd4 7. cxd4 Bxb1 8. Rxb1 e6 9. a3 Nf6 10. h3 Be7 11. Be3 O-O 12. O-O Rfd8 13. b4 a6 14. Qb3 Qxb3 15. Rxb3 Nd5 16. Rc1 Bf6 17. g4 h6 18. Bc4 Nce7 19. Rb2 Rac8 20. Rbc2 Nxe3 21. fxe3 b5 22. Bb3 Rxc2 23. Rxc2 Rc8 24. Rxc8+ Nxc8 25. e4 Nb6 26. Kf2 Kf8 27. Ke3 Bg5+ 28. Nxg5 hxg5 29. d5 exd5 30. exd5 Ke7 31. d6+ Kxd6 32. Bxf7 Nd5+ 33. Bxd5 Kxd5 34. Kd3 g6 35. Kc3 Ke4 36. Kb3 Kf4 37. a4 Kg3 38. axb5 axb5 39. Kc3 Kxh3 40. Kd4 Kxg4 41. Kc5 Kh3 42. Kxb5 g4 43. Kc6 g3 44. b5 g2 45. b6 g1=Q 46. b7 Qc1+ 47. Kd7 Qd2+ 48. Kc8 Qc3+ 49. Kd8 Qd4+ 50. Kc8 Qc5+ 51. Kd8 Qb6+ 52. Kc8 Qc6+ 53. Kb8 g5 54. Ka7 Qa4+ 55. Kb8 g4 0-1


[Site "https://www.chess.com"]

[Event "Titled Tuesday Blitz April 05 Early 2022"]
[White "Dukic, Zachary"]
[Black "Piliczewski, Bogusz"]
[WhiteFideId "2617188"]
[BlackFideId "1104144"]
[WhiteElo "2086"]
[BlackElo "1896"]
[Result "1-0"]
[Round "11"]
[TimeControl "180+1"]
[Date "2022.04.05"]
[WhiteClock "0:01:21"]
[BlackClock "0:00:18"]

1. e4 c6 2. d4 d5 3. Nd2 dxe4 4. Nxe4 Bf5 5. Ng3 Bg6 6. h4 h6 7. Nf3 Nd7 8. h5 Bh7 9. Bd3 Bxd3 10. Qxd3 e6 11. Bd2 Ngf6 12. O-O-O Be7 13. Kb1 O-O 14. Ne4 Nxe4 15. Qxe4 Nf6 16. Qe2 Qd5 17. Ne5 Qe4 18. Be3 Nd5 19. g4 Bg5 20. Rhe1 Nxe3 21. fxe3 Rad8 22. Nd3 b6 23. Nf2 Qd5 24. e4 Qb5 25. c4 Qa5 26. e5 Rd7 27. Ne4 Be7 28. Rg1 Rfd8 29. g5 hxg5 30. Nxg5 Rxd4 31. Rxd4 Rxd4 32. Qf2 Qxe5 33. Qxf7+ Kh8 34. Qe8+ 1-0


[Site "https://www.chess.com"]

[Event "Titled Tuesday Blitz April 05 Early 2022"]
[White "Ezat, Mohamed"]
[Black "Maung, Maung Kyaw Zaw Hein"]
[WhiteFideId "10600906"]
[BlackFideId "13001698"]
[WhiteElo "2386"]
[BlackElo "1785"]
[Result "1-0"]
[Round "11"]
[TimeControl "180+1"]
[Date "2022.04.05"]
[WhiteClock "0:00:22"]
[BlackClock "0:00:52"]

1. e4 c6 2. d4 d5 3. Nc3 dxe4 4. Nxe4 Bf5 5. Ng3 Bg6 6. Nf3 Nd7 7. h4 h6 8. h5 Bh7 9. Bd3 Bxd3 10. Qxd3 e6 11. Bd2 Ngf6 12. O-O-O Be7 13. Kb1 O-O 14. Ne4 Nxe4 15. Qxe4 Nf6 16. Qe2 Qd5 17. g4 Qe4 18. Be3 Nxg4 19. Rdg1 Nxe3 20. fxe3 Bf6 21. Rg3 Kh8 22. Rhg1 Rg8 23. Rg4 Qf5 24. e4 Qxh5 25. Qg2 e5 26. Rh1 Qxg4 27. Qxg4 Rae8 28. dxe5 Bxe5 29. Qf5 Bf6 30. e5 Bd8 31. Qxf7 Rgf8 32. Qg6 Re7 33. Ng5 1-0


[Site "https://www.chess.com"]

[Event "Titled Tuesday Blitz April 05 Early 2022"]
[White "Fikiet, Alex"]
[Black "Lauridsen, Jesper Morch"]
[WhiteFideId "2052717"]
[BlackFideId "1401890"]
[WhiteElo "2447"]
[BlackElo "2272"]
[Result "0-1"]
[Round "11"]
[TimeControl "180+1"]
[Date "2022.04.05"]
[WhiteClock "0:00:03"]
[BlackClock "0:00:37"]

1. e4 e6 2. d4 d5 3. e5 c5 4. c3 Bd7 5. Nf3 a6 6. a3 cxd4 7. cxd4 Bb5 8. Bxb5+ axb5 9. O-O Nc6 10. Bg5 Qb6 11. Nc3 h6 12. Be3 Nge7 13. Qd3 Na7 14. Rfc1 Nec6 15. a4 b4 16. Nb5 Be7 17. Nd2 O-O 18. Nb3 Rfc8 19. Nc5 Nxe5 20. dxe5 Bxc5 21. Rxc5 Rxc5 22. Nxa7 Qxa7 23. h3 Rac8 24. Kh2 Qa6 25. Qd2 Rc4 26. b3 Re4 27. f3 Rxe5 28. Bd4 Rf5 0-1


[Site "https://www.chess.com"]

[Event "Titled Tuesday Blitz April 05 Early 2022"]
[White "Garv Gaur"]
[Black "Moskvin, Anatoly"]
[WhiteFideId "45030839"]
[BlackFideId "24199990"]
[WhiteElo "1950"]
[BlackElo "2079"]
[Result "1-0"]
[Round "11"]
[TimeControl "180+1"]
[Date "2022.04.05"]
[WhiteClock "0:00:08"]
[BlackClock "0:00:10"]

1. d4 d5 2. Nf3 c6 3. c4 e6 4. g3 Nd7 5. Bg2 dxc4 6. a4 Bb4+ 7. Nc3 Ne7 8. O-O O-O 9. Nd2 e5 10. Nxc4 exd4 11. Qxd4 Nb6 12. Qh4 Nf5 13. Qf4 g5 14. Qe4 Re8 15. Qd3 Nd4 16. Ne3 Bxc3 17. bxc3 Nb3 18. Rb1 Nc5 19. Qc2 Nbxa4 20. Nf5 Qf6 21. Nd4 Nb6 22. e4 Nc4 23. Re1 h6 24. f4 gxf4 25. Bxf4 h5 26. e5 Nxe5 27. Bxe5 Rxe5 28. Rf1 Qg6 29. Qd2 Bg4 30. Rbe1 Rae8 31. Rxe5 Rxe5 32. Qf4 Nd3 33. Qd2 c5 34. Nf3 Bxf3 35. Bxf3 h4 36. Be2 c4 37. Bxd3 cxd3 38. Rf3 Rd5 39. Kg2 Qe4 40. Kf2 hxg3+ 41. Rxg3+ Kf8 42. Qh6+ Ke7 43. Re3 Rf5+ 44. Ke1 Qxe3+ 45. Qxe3+ Kf6 46. Qxd3 Re5+ 47. Kf2 Ke6 48. Qc4+ Kf5 49. Qc8+ Re6 50. Qxb7 f6 51. Qxa7 Kg5 52. Qd4 Re5 53. Kg3 Rf5 54. h4+ Kh5 55. Qg4+ Kh6 56. Qxf5 Kg7 57. h5 Kh6 58. Kg4 Kg7 59. Qg6+ Kf8 60. Qxf6+ Kg8 61. Qe7 Kh8 62. h6 Kg8 63. Qg7# 1-0


[Site "https://www.chess.com"]

[Event "Titled Tuesday Blitz April 05 Early 2022"]
[White "Gatterer, Florian"]
[Black "Jaferian, Koosha"]
[WhiteFideId "811688"]
[BlackFideId "12507440"]
[WhiteElo "2218"]
[BlackElo "2030"]
[Result "1-0"]
[Round "11"]
[TimeControl "180+1"]
[Date "2022.04.05"]
[WhiteClock "0:00:39"]
[BlackClock "0:01:18"]

1. b3 d5 2. Nf3 Bf5 3. Bb2 e6 4. g3 Nf6 5. Bg2 a5 6. a3 h6 7. O-O Bd6 8. d3 Bh7 9. Nbd2 c6 10. Re1 O-O 11. e4 dxe4 12. dxe4 Bc5 13. h3 Nbd7 14. Qe2 Qb6 15. Nc4 Qc7 16. Nfe5 b5 17. Nxd7 Nxd7 18. Ne3 Rad8 19. Ng4 e5 20. Rad1 Rfe8 21. Kh2 Bg6 22. h4 Bh5 23. Nxh6+ gxh6 24. Qxh5 Re6 25. Bh3 Rf6 26. Re2 Bxf2 27. Bf5 Bd4 28. c3 Bc5 29. Red2 Rd6 30. Rxd6 Bxd6 31. Qxh6 Bf8 32. Qh7# 1-0


[Site "https://www.chess.com"]

[Event "Titled Tuesday Blitz April 05 Early 2022"]
[White "Golubeva, Oksana"]
[Black "Matveeva, Olga"]
[WhiteFideId "4170164"]
[BlackFideId "24107018"]
[WhiteElo "2162"]
[BlackElo "2083"]
[Result "0-1"]
[Round "11"]
[TimeControl "180+1"]
[Date "2022.04.05"]
[WhiteClock "0:00:02"]
[BlackClock "0:00:12"]

1. Nf3 Nf6 2. e3 g6 3. d4 Bg7 4. b3 d6 5. Bb2 O-O 6. Nbd2 Nbd7 7. Nc4 Rb8 8. a4 a6 9. a5 Re8 10. Be2 d5 11. Nce5 Ne4 12. O-O f6 13. Nd3 c5 14. c4 cxd4 15. cxd5 dxe3 16. fxe3 Ndc5 17. Nxc5 Nxc5 18. Bc4 Kh8 19. Nd4 f5 20. Qc2 Ne4 21. Rfd1 Bd7 22. Nf3 Qc7 23. Bxg7+ Kxg7 24. Qb2+ Nf6 25. Rd2 b5 26. axb6 Qxb6 27. Qe5 a5 28. Rad1 a4 29. bxa4 Bxa4 30. Rf1 Qc5 31. Ba2 Rb4 32. Ng5 Qd6 33. Ne6+ Kg8 34. Qa1 Re4 35. Bb1 Rxe3 36. Qxa4 Rxe6 37. g4 Nxg4 38. Rg2 Qc5+ 39. Kh1 Rd8 40. dxe6 Qd5 41. Qa2 Qc6 42. Qc2 Qb7 0-1


[Site "https://www.chess.com"]

[Event "Titled Tuesday Blitz April 05 Early 2022"]
[White "Heinemann, Josefine"]
[Black "Lehtosaari, Mauri"]
[WhiteFideId "12900460"]
[BlackFideId "501999"]
[WhiteElo "2300"]
[BlackElo "2531"]
[Result "1-0"]
[Round "11"]
[TimeControl "180+1"]
[Date "2022.04.05"]
[WhiteClock "0:00:17"]
[BlackClock "0:00:02"]

1. Nf3 d5 2. g3 Nf6 3. Bg2 c6 4. O-O Bg4 5. c4 e6 6. cxd5 exd5 7. d3 Be7 8. Qb3 Qb6 9. Qxb6 axb6 10. Be3 b5 11. Nbd2 Nbd7 12. Nb3 O-O 13. a3 h6 14. h3 Bf5 15. Rac1 Rfe8 16. Nbd4 Bg6 17. Nh4 Bh7 18. Nhf5 Bf8 19. g4 Nc5 20. Bf4 Ne6 21. Bg3 Nxd4 22. Nxd4 Bg6 23. Rfe1 Nd7 24. f4 Bc5 25. Bf2 f6 26. e4 dxe4 27. dxe4 Bf7 28. Nf5 Bxf2+ 29. Kxf2 Nb6 30. Nd6 Re7 31. Red1 Bb3 32. Rd3 Bc4 33. Nxc4 Nxc4 34. Rc2 Rae8 35. h4 Kf7 36. h5 Rc8 37. a4 Rcc7 38. axb5 cxb5 39. Rdc3 Rcd7 40. Ke2 Rd4 41. Rd3 Red7 42. Rxd4 Rxd4 43. b3 Nd6 44. Rc7+ Kf8 45. Ke3 Rb4 46. e5 fxe5 47. fxe5 Nf7 48. e6 Ng5 49. Bd5 Rxg4 50. e7+ Ke8 51. Bxb7 Kf7 52. Bc6 Rg3+ 53. Kf2 1-0


[Site "https://www.chess.com"]

[Event "Titled Tuesday Blitz April 05 Early 2022"]
[White "Horcajuelo Rocamora, Martin"]
[Black "Onslow, Alfie"]
[WhiteFideId "24573027"]
[BlackFideId "436976"]
[WhiteElo "1822"]
[BlackElo "1884"]
[Result "1-0"]
[Round "11"]
[TimeControl "180+1"]
[Date "2022.04.05"]
[WhiteClock "0:00:45"]
[BlackClock "0:00:02"]

1. e4 c5 2. Nf3 Nc6 3. d4 cxd4 4. Nxd4 e5 5. Nb5 d6 6. N1c3 a6 7. Na3 b5 8. Nd5 Nge7 9. Bg5 h6 10. Bxe7 Bxe7 11. c3 O-O 12. Nc2 f5 13. exf5 Bxf5 14. Nce3 Bg5 15. Be2 Ne7 16. O-O Be6 17. Bf3 Rc8 18. g3 Nxd5 19. Bxd5 Qe8 20. Bxe6+ Qxe6 21. Nd5 Rc5 22. Nb4 a5 23. Nd3 Rc4 24. Re1 Qf6 25. Rf1 h5 26. a4 bxa4 27. Rxa4 Rxa4 28. Qxa4 Qf3 29. Ne1 Qd5 30. Ng2 e4 31. h4 Bh6 32. Rd1 Qe5 33. Qc4+ Kh8 34. Rd5 Qf6 35. Qe2 Qe6 36. Rxh5 a4 37. Ne3 Kg8 38. Ng4 e3 39. Nxe3 1-0


[Site "https://www.chess.com"]

[Event "Titled Tuesday Blitz April 05 Early 2022"]
[White "Hua, Lefong"]
[Black "Gracia Alvarez, Gerardo Antonio"]
[WhiteFideId "2602253"]
[BlackFideId "5109124"]
[WhiteElo "2578"]
[BlackElo "2139"]
[Result "1-0"]
[Round "11"]
[TimeControl "180+1"]
[Date "2022.04.05"]
[WhiteClock "0:01:37"]
[BlackClock "0:01:15"]

1. d4 d5 2. c4 e6 3. Nc3 a6 4. cxd5 exd5 5. Qb3 Bd6 6. Qxd5 Nf6 7. Qb3 O-O 8. e3 c5 9. dxc5 Bxc5 10. Nf3 b5 11. Be2 Bb7 12. O-O Qe7 13. Rd1 Nc6 14. Bd2 Rac8 15. a3 Rfd8 16. Be1 Bxe3 17. fxe3 Ng4 18. Nd5 Qe6 19. Ng5 Qf5 20. Bxg4 Qxg4 21. Nf6+ 1-0


[Site "https://www.chess.com"]

[Event "Titled Tuesday Blitz April 05 Early 2022"]
[White "Ianov, Viktor"]
[Black "Fernandez Siles, Luis"]
[WhiteFideId "14102730"]
[BlackFideId "2209420"]
[WhiteElo "2161"]
[BlackElo "2212"]
[Result "1-0"]
[Round "11"]
[TimeControl "180+1"]
[Date "2022.04.05"]
[WhiteClock "0:01:29"]
[BlackClock "0:00:28"]

1. Nf3 Nf6 2. g3 g6 3. b3 Bg7 4. Bb2 O-O 5. Bg2 d5 6. c4 c6 7. O-O Bf5 8. d3 Qc8 9. Nbd2 Bh3 10. Rc1 Qf5 11. cxd5 cxd5 12. b4 Nbd7 13. Qb3 Qh5 14. Rc7 e6 15. Rxb7 Rfd8 16. Rc1 Ng4 17. Bxg7 Kxg7 18. Rcc7 Ngf6 19. Qc3 e5 20. Bxh3 Qxh3 21. e4 h5 22. Nxe5 d4 23. Qxd4 Kg8 24. Nxd7 1-0


[Site "https://www.chess.com"]

[Event "Titled Tuesday Blitz April 05 Early 2022"]
[White "Iljin, Timofey"]
[Black "Terletsky, Oleg"]
[WhiteFideId "14110180"]
[BlackFideId "14116774"]
[WhiteElo "2396"]
[BlackElo "2064"]
[Result "1-0"]
[Round "11"]
[TimeControl "180+1"]
[Date "2022.04.05"]
[WhiteClock "0:00:17"]
[BlackClock "0:00:04"]

1. d4 Nf6 2. c4 g6 3. Nc3 Bg7 4. e4 d6 5. f4 O-O 6. Nf3 c5 7. d5 e6 8. Be2 exd5 9. cxd5 Bg4 10. e5 dxe5 11. fxe5 Nfd7 12. Bg5 Qb6 13. O-O Bxf3 14. Bxf3 Nxe5 15. Be7 Re8 16. d6 Nbc6 17. Nd5 Qxb2 18. Nf6+ Kh8 19. Nxe8 Qxa1 20. Nxg7 Qxd1 21. Rxd1 Kxg7 22. Bxc6 Nxc6 23. d7 Nd8 24. Bxc5 b6 25. Be7 f6 26. Rc1 Kf7 27. Bxf6 Kxf6 28. Rc8 Ke7 29. Rxa8 Kxd7 30. Rxa7+ Kd6 31. Rxh7 Nc6 32. Rh6 1-0


[Site "https://www.chess.com"]

[Event "Titled Tuesday Blitz April 05 Early 2022"]
[White "Ilyasli, Ughur"]
[Black "Le Ruyet, Leopold"]
[WhiteFideId "13416197"]
[BlackFideId "645923"]
[WhiteElo "2045"]
[BlackElo "2276"]
[Result "1-0"]
[Round "11"]
[TimeControl "180+1"]
[Date "2022.04.05"]
[WhiteClock "0:00:09"]
[BlackClock "0:00:03"]

1. d4 Nf6 2. c4 g6 3. Nc3 Bg7 4. e4 O-O 5. Nge2 d6 6. Ng3 e5 7. d5 a5 8. Be2 Na6 9. h4 h6 10. Be3 Nc5 11. Qd2 Kh7 12. h5 g5 13. f3 Ng8 14. Bd1 Ne7 15. Bc2 b6 16. O-O-O Ba6 17. b3 a4 18. Bxc5 bxc5 19. Nxa4 Bc8 20. Nc3 Bd7 21. a4 Qb8 22. Nf5 Bxf5 23. exf5 f6 24. Nb5 Rd8 25. g4 c6 26. Nc3 Qb4 27. Qd3 cxd5 28. Nxd5 Qa3+ 29. Kd2 Nc6 30. Ra1 Qb2 31. Rhb1 Qd4 32. Qxd4 exd4 33. Be4 Ne5 34. a5 Ra7 35. Ra4 Rb8 36. Nb6 Ra6 37. Kc2 Bf8 38. Nd5 Kg7 39. b4 Nxc4 40. b5 Rxa5 41. Rxc4 Raxb5 42. Rxb5 Rxb5 43. Ra4 Rb7 44. Ra6 c4 45. Ra4 d3+ 46. Kc3 Rb3+ 47. Kxc4 d2 48. Ra1 Rb8 49. Rd1 Rc8+ 50. Kd3 Rb8 51. Rxd2 Rb3+ 52. Kc4 Ra3 53. Rb2 Ra4+ 54. Kd3 Ra7 55. Rb8 Rd7 56. Kd4 Be7 57. Nxe7 Rxe7 58. Rb7 1-0


[Site "https://www.chess.com"]

[Event "Titled Tuesday Blitz April 05 Early 2022"]
[White "Iskusnyh, Sergei"]
[Black "Pesotskiy, Mikhail"]
[WhiteFideId "4120027"]
[BlackFideId "34164453"]
[WhiteElo "2492"]
[BlackElo "2010"]
[Result "0-1"]
[Round "11"]
[TimeControl "180+1"]
[Date "2022.04.05"]
[WhiteClock "0:00:01"]
[BlackClock "0:00:18"]

1. d4 Nf6 2. c4 e6 3. g3 Bb4+ 4. Bd2 a5 5. Bg2 O-O 6. e4 d6 7. Ne2 e5 8. O-O Nbd7 9. Nbc3 c6 10. a3 Bxc3 11. Bxc3 Qc7 12. Qc2 a4 13. Rad1 Re8 14. h3 b5 15. cxb5 cxb5 16. Qb1 Nb6 17. Bb4 Nc4 18. Nc3 Bd7 19. Rfe1 Bc6 20. Kh2 Qb7 21. d5 Bd7 22. Bf1 Qb6 23. Kg1 Nh5 24. Bxc4 bxc4 25. Kg2 g6 26. f3 f5 27. Qc2 Rf8 28. Qf2 Qb7 29. Qe2 Qb6 30. Qe3 Qxe3 31. Rxe3 f4 32. Ree1 Ra6 33. g4 Ng7 34. h4 Rc8 35. Rh1 Ne8 36. h5 g5 37. h6 Kf7 38. Rh5 Kf6 39. Ne2 Nc7 40. Rc1 Nb5 41. Kf2 Ra7 42. Bc3 Rb7 43. Bb4 Rbc7 44. Nc3 Nxc3 45. bxc3 Rb7 46. Bxd6 Rb2+ 47. Kg1 Rb3 48. Bb4 Be8 49. Rh2 Rb8 50. Rd2 Bd7 51. d6 Rb5 52. Rcd1 Ke6 53. Rd5 Rxd5 54. Rxd5 Rb1+ 55. Kf2 Rb2+ 56. Kf1 Rb1+ 57. Ke2 Rb2+ 58. Ke1 Rb1+ 59. Ke2 Rb2+ 60. Rd2 Rxd2+ 61. Kxd2 Kf7 62. Ke2 Ke6 63. Kf2 Kf7 64. Ba5 Ke6 65. Bd8 Kxd6 66. Bxg5 Ke6 67. Bh4 Be8 68. Bd8 Bg6 69. Bc7 Bf7 70. Kg2 Bg6 71. Kh3 Bf7 72. Kh4 Bg6 73. Kg5 Bf7 74. Bb8 Bg6 75. Ba7 Be8 76. Bf2 Bc6 77. Be1 Be8 78. Bd2 Bg6 79. Bxf4 exf4 80. Kxf4 Be8 81. Ke3 Kf6 82. f4 Kg6 83. g5 Kh5 84. Kd4 Kg4 85. Ke5 Bh5 86. Kf6 Kxf4 87. e5 Ke4 88. e6 Kd3 0-1


[Site "https://www.chess.com"]

[Event "Titled Tuesday Blitz April 05 Early 2022"]
[White "Jaskolka, Tomasz"]
[Black "Vokarev, Sergey"]
[WhiteFideId "1170791"]
[BlackFideId "4119711"]
[WhiteElo "2073"]
[BlackElo "2343"]
[Result "0-1"]
[Round "11"]
[TimeControl "180+1"]
[Date "2022.04.05"]
[WhiteClock "0:00:11"]
[BlackClock "0:00:21"]

1. d4 d5 2. Bf4 c5 3. e3 Nc6 4. c3 Nf6 5. Nd2 Qb6 6. Qb3 c4 7. Qc2 Bg4 8. e4 e6 9. Be2 Bxe2 10. Nxe2 Be7 11. Bg5 h6 12. Bxf6 Bxf6 13. e5 Be7 14. b3 cxb3 15. axb3 Rc8 16. Qd3 O-O 17. O-O f6 18. exf6 Bxf6 19. Nf4 Bxd4 20. Nxe6 Bxf2+ 21. Kh1 Rf6 22. Qxd5 Ne7 23. Qd7 Qxe6 24. Qxe6+ Rxe6 25. Rxf2 Rxc3 26. h3 a6 27. Raf1 Ng6 28. Nf3 Rf6 29. Rb2 Ne5 30. Rbf2 Nxf3 31. gxf3 Rxb3 32. Kg2 a5 33. Ra1 Rg6+ 34. Kh2 Ra6 35. Rfa2 Rb5 36. Rd1 Rab6 37. Rd8+ Kh7 38. Rd7 Rb2+ 39. Rxb2 Rxb2+ 40. Kg3 b5 41. f4 Kg6 42. h4 h5 43. Rd6+ Kf7 44. f5 a4 45. Ra6 Rb3+ 46. Kf4 a3 47. Kg5 Rg3+ 48. Kxh5 b4 49. Ra7+ Kf6 50. Ra6+ Kxf5 51. Ra5+ Kf4 52. Ra4 g6+ 53. Kh6 Rb3 54. Kxg6 Rb2 55. h5 a2 56. h6 Rg2+ 57. Kf7 Ke5 58. h7 Rh2 59. Rxa2 Rxh7+ 60. Kg6 Rb7 61. Rb2 b3 62. Kg5 Kd4 63. Kf4 Kc3 64. Rb1 b2 65. Ke3 Kc2 66. Rd1 Kxd1 67. Kd3 b1=Q+ 68. Kc3 Qb3+ 69. Kd4 Rb4+ 70. Kc5 Ke1 71. Kd6 Kf1 72. Kc7 Kg1 73. Kd8 Kh1 0-1


[Site "https://www.chess.com"]

[Event "Titled Tuesday Blitz April 05 Early 2022"]
[White "Kaminski, Victor"]
[Black "Prado Lobo, Jonas"]
[WhiteFideId "1131630"]
[BlackFideId "32050666"]
[WhiteElo "2181"]
[BlackElo "2214"]
[Result "0-1"]
[Round "11"]
[TimeControl "180+1"]
[Date "2022.04.05"]
[WhiteClock "0:00:26"]
[BlackClock "0:00:31"]

1. e4 e5 2. Nf3 Nf6 3. Nc3 Nc6 4. Bb5 Nd4 5. Bc4 d6 6. h3 Be7 7. O-O O-O 8. d3 Nxf3+ 9. Qxf3 Be6 10. Bg5 c6 11. Rad1 h6 12. Bc1 d5 13. Bb3 d4 14. Ne2 Bxb3 15. axb3 Ne8 16. Qg3 Qc7 17. Bxh6 f5 18. exf5 Rxf5 19. Qg4 Rf6 20. Bd2 Nd6 21. Ng3 Rf7 22. Rde1 Ne8 23. f4 exf4 24. Bxf4 Bd6 25. Bxd6 Nxd6 26. Rxf7 Nxf7 27. Nf5 Ne5 28. Nh6+ Kh7 29. Qf5+ Ng6 30. Nf7 Rf8 31. Ng5+ Kh6 32. Qg4 Rf4 33. Qg3 Rf1+ 34. Kh2 Qxg3+ 0-1


[Site "https://www.chess.com"]

[Event "Titled Tuesday Blitz April 05 Early 2022"]
[White "Koc, Przemyslaw"]
[Black "Kosteniuk, Alexandra"]
[WhiteFideId "1109081"]
[BlackFideId "4128125"]
[WhiteElo "2141"]
[BlackElo "2469"]
[Result "0-1"]
[Round "11"]
[TimeControl "180+1"]
[Date "2022.04.05"]
[WhiteClock "0:01:12"]
[BlackClock "0:01:24"]

1. d4 Nf6 2. Nf3 d5 3. e3 c5 4. b3 Nc6 5. Bd3 Bg4 6. Bb2 e6 7. Nbd2 cxd4 8. exd4 Bd6 9. h3 Bh5 10. Qe2 Qc7 11. a3 a6 12. O-O O-O 13. c4 Rfe8 14. Rac1 Bf4 15. g4 Nxg4 16. hxg4 Bxg4 17. Kg2 dxc4 18. bxc4 Rad8 19. Rh1 f5 20. Qf1 Bxd2 21. Nxd2 Nxd4 22. f3 Qf4 23. fxg4 Qxd2+ 24. Qf2 Qxd3 25. gxf5 Qe4+ 26. Kh2 exf5 27. Rce1 Nf3+ 28. Kg3 Nxe1 0-1


[Site "https://www.chess.com"]

[Event "Titled Tuesday Blitz April 05 Early 2022"]
[White "Kostina, Nadezhda"]
[Black "Baker, Chris W"]
[WhiteFideId "4195876"]
[BlackFideId "401676"]
[WhiteElo "1982"]
[BlackElo "2144"]
[Result "1-0"]
[Round "11"]
[TimeControl "180+1"]
[Date "2022.04.05"]
[WhiteClock "0:00:05"]
[BlackClock "0:00:03"]

1. e4 e5 2. Nf3 Nc6 3. Bc4 Bc5 4. d3 Nf6 5. c3 d6 6. a4 a5 7. h3 h6 8. O-O O-O 9. Be3 Bxe3 10. fxe3 Qe7 11. Nbd2 Be6 12. Qe1 Bxc4 13. Nxc4 d5 14. exd5 Nxd5 15. Qg3 Rae8 16. Nh4 Qg5 17. Qxg5 hxg5 18. Nf5 g6 19. Ng3 f5 20. Rae1 Kg7 21. Ne2 Rd8 22. Rd1 Nf6 23. d4 e4 24. Rd2 Nd5 25. Rfd1 f4 26. exf4 gxf4 27. Rf1 g5 28. Rdd1 Kg6 29. Kh2 Rf7 30. Rfe1 Re7 31. Ng1 Kf5 32. Ne5 Nxe5 33. dxe5 c6 34. c4 Rxe5 35. cxd5 Rexd5 36. Rc1 Rd2 37. Rc5+ Kg6 38. Rxe4 Rxb2 39. Ree5 Rd5 40. Rexd5 cxd5 41. Rxd5 Rb4 42. Rxa5 b6 43. Rb5 Rxa4 44. Rxb6+ Kh5 45. Rb5 Ra8 46. Nf3 Rg8 47. h4 Kg4 48. Rxg5+ Rxg5 49. hxg5 Kf5 50. Kh3 Kg6 51. Kg4 1-0


[Site "https://www.chess.com"]

[Event "Titled Tuesday Blitz April 05 Early 2022"]
[White "Kouskoutis, Georgios-Alexandros"]
[Black "Matthes, Aaron"]
[WhiteFideId "4234049"]
[BlackFideId "16227310"]
[WhiteElo "2130"]
[BlackElo "2332"]
[Result "1-0"]
[Round "11"]
[TimeControl "180+1"]
[Date "2022.04.05"]
[WhiteClock "0:00:06"]
[BlackClock "0:01:15"]

1. c4 c6 2. g3 d5 3. Bg2 Nf6 4. Nf3 e6 5. b3 Nbd7 6. Bb2 Bd6 7. O-O O-O 8. d4 Qe7 9. Nc3 dxc4 10. bxc4 e5 11. e3 Re8 12. Qb3 exd4 13. exd4 Nf8 14. Rfe1 Qd8 15. Rxe8 Qxe8 16. Re1 Qd8 17. d5 cxd5 18. cxd5 b6 19. Nd4 Bb7 20. Nc6 Qc7 21. Nb5 Qd7 22. Bxf6 gxf6 23. Qf3 Kg7 24. Nxd6 Qxd6 25. Qg4+ Ng6 26. h4 Kf8 27. h5 Ne5 28. Nxe5 fxe5 29. Qf5 Re8 30. Qxh7 Ke7 31. Qg7 Kd7 32. Qxf7+ Re7 33. Qf5+ Kd8 34. Qg5 Kd7 35. h6 Bxd5 36. Rd1 e4 37. Rxd5 Qxd5 38. Qxd5+ Ke8 39. Bxe4 Rd7 40. Bg6+ Ke7 41. Qe5+ Kd8 42. h7 Rd1+ 43. Kg2 Re1 44. h8=Q+ Kd7 45. Qhg7+ Kc6 46. Qgc7# 1-0


[Site "https://www.chess.com"]

[Event "Titled Tuesday Blitz April 05 Early 2022"]
[White "Kozak, Antoni"]
[Black "Brodowski, Piotr"]
[WhiteFideId "21832030"]
[BlackFideId "1124480"]
[WhiteElo "2236"]
[BlackElo "2422"]
[Result "0-1"]
[Round "11"]
[TimeControl "180+1"]
[Date "2022.04.05"]
[WhiteClock "0:00:02"]
[BlackClock "0:00:07"]

1. e4 c5 2. Nf3 e6 3. c3 Nf6 4. Bd3 Nc6 5. Bc2 g5 6. h3 g4 7. hxg4 Nxg4 8. d3 Bg7 9. Bf4 d5 10. Nbd2 e5 11. Bg3 Be6 12. Qe2 h5 13. Bb3 c4 14. exd5 cxb3 15. dxe6 f5 16. axb3 Qd6 17. Ng5 O-O-O 18. Nf7 Qxe6 19. Nxh8 Rxh8 20. Nc4 h4 21. Rxh4 Rxh4 22. Bxh4 e4 23. f3 Qh6 24. g3 Nge5 25. fxe4 f4 26. Nxe5 Nxe5 27. d4 f3 28. Qf2 Nd3+ 29. Kf1 Nxf2 30. Kxf2 Qd2+ 31. Kxf3 Qxb2 32. Rxa7 Qxc3+ 33. Kg4 Bxd4 34. Ra8+ Kd7 35. Rd8+ Ke6 36. Re8+ Kd7 37. Rd8+ Kc7 38. Rd5 Qe3 39. Bg5 Qxe4+ 40. Bf4+ Kc6 41. Rd6+ Kc5 42. Rd8 b5 43. Rc8+ Kb4 44. Rb8 Qe6+ 45. Kf3 Qc6+ 46. Kg4 Kxb3 47. Kf5 Ba7 48. g4 Bxb8 49. Bxb8 Qc8+ 50. Kf6 Qxb8 51. g5 Kc2 0-1


[Site "https://www.chess.com"]

[Event "Titled Tuesday Blitz April 05 Early 2022"]
[White "Legenia, Artem"]
[Black "Becerra, Juan David"]
[WhiteFideId "14136945"]
[BlackFideId "4404998"]
[WhiteElo "1936"]
[BlackElo "2277"]
[Result "1-0"]
[Round "11"]
[TimeControl "180+1"]
[Date "2022.04.05"]
[WhiteClock "0:00:24"]
[BlackClock "0:00:01"]

1. d4 d5 2. Nf3 e6 3. Bf4 Nf6 4. e3 Nh5 5. Bg3 c5 6. c3 Qb6 7. Qb3 c4 8. Qc2 Nc6 9. Be2 Bd7 10. Nbd2 Rc8 11. O-O Nxg3 12. hxg3 f5 13. Ne5 Nxe5 14. dxe5 h5 15. Nf3 Be7 16. b3 Bb5 17. a4 Bd7 18. bxc4 dxc4 19. a5 Qc5 20. Rfd1 Bc6 21. Rd4 Bd5 22. Nd2 h4 23. gxh4 Rxh4 24. Ra4 Kf7 25. Rxh4 Bxh4 26. Nxc4 Be7 27. Qd2 Qc6 28. Qc2 Bxg2 29. Nd6+ Bxd6 30. exd6 Bh1 31. f3 Bxf3 32. Rc4 Qxc4 33. Bxc4 Rxc4 34. d7 Ke7 35. Qd3 Rg4+ 36. Kf2 Bd5 37. Qb5 Bc6 38. Qc5+ Kxd7 39. Qxa7 Rg2+ 40. Kf1 g5 41. a6 Kc7 42. axb7 Bxb7 43. Qc5+ Bc6 44. Qe7+ Kb6 45. Qxe6 f4 46. exf4 gxf4 47. Qb3+ Kc7 48. Qf7+ Kb6 49. Qxf4 1-0


[Site "https://www.chess.com"]

[Event "Titled Tuesday Blitz April 05 Early 2022"]
[White "Manolache, Marius"]
[Black "Marcziter, Dmitrii"]
[WhiteFideId "1201530"]
[BlackFideId "13900765"]
[WhiteElo "2364"]
[BlackElo "2155"]
[Result "1-0"]
[Round "11"]
[TimeControl "180+1"]
[Date "2022.04.05"]
[WhiteClock "0:00:52"]
[BlackClock "0:00:04"]

1. d4 Nf6 2. c4 g6 3. Qc2 Bg7 4. e4 d6 5. Nf3 O-O 6. Be2 c5 7. d5 e6 8. h3 exd5 9. cxd5 Re8 10. Nfd2 a6 11. a4 Nbd7 12. O-O Nxd5 13. exd5 Rxe2 14. Nc3 Re8 15. a5 Rb8 16. Nc4 Ne5 17. Nb6 Bf5 18. Qd1 Nd7 19. Nca4 Ne5 20. Ra3 c4 21. Be3 Bd3 22. Re1 Nd7 23. Qd2 Nxb6 24. Nxb6 Qf6 25. Rc3 Rbd8 26. Nxc4 Bxc4 27. Rxc4 Rc8 28. b3 Qf5 29. Rec1 Rxc4 30. bxc4 Rc8 31. Qc2 Qe5 32. Qd3 f5 33. g3 h6 34. h4 Kh7 35. Bf4 Qf6 36. Rb1 Rc7 37. Rb6 Bf8 38. Be3 g5 39. hxg5 hxg5 40. g4 Kg8 41. Bd4 Qg6 42. c5 Re7 43. Be3 Qf6 44. gxf5 Qa1+ 45. Qf1 Qe5 46. Rxd6 Rh7 47. Rg6+ Kf7 48. Qc4 Qa1+ 49. Bc1 Qe5 50. d6+ Ke8 51. Re6+ 1-0


[Site "https://www.chess.com"]